AoeStats
← darador86

Arena

507405597Analyzed
4v4 RM · 16d ago on Sep 18, 2026· 69m 49s· 8 players
Game mode
Random Map
Map size
Large (8 player)
Population
200
Speed
Normal
Resources
Standard
Victory
Conquest
Starting age
Dark Age
Ending age
Imperial Age
RankedLock teamsTeams togetherTeam positionsShared explorationLock speedFull tech treeHidden civsTurbo modeCheats
Victory
Defeat
🇨🇴 Turks · Colombia
717
+13
🇹🇷 Khmer · Türkiye
648
+16
🇺🇸 Byzantines · United States
646
+16
🇦🇷 Huns · Argentina
641
+16
🇦🇷 Saracens · Argentina
671
-16
🇧🇴 Byzantines · Bolivia
670
-17
🇦🇷 Mongols · Argentina
639
-15
🇦🇷 Magyars · Argentina
580
-13
marcselo61280
12:53 Feudal Age
12:33 Loom
13:49 Double-Bit Axe
19:39 Castle Age
33:46 Imperial Age
36:31 Ballistics
39:07 Chemistry
41:14 Forging
50:21 Elite Cataphract
51:17 Logistica
54:22 Pikeman
55:03 Squires
58:27 Treadmill Crane
61:40 Halberdier
Narubl
8:59 Loom
11:04 Feudal Age
12:42 Horse Collar
12:48 Double-Bit Axe
14:05 Gold Mining
14:07 Stone Mining
15:52 Town Watch
22:00 Castle Age
20:16 Man-at-Arms
22:55 Wheelbarrow
23:54 Gold Shaft Mining
23:53 Heavy Plow
24:07 Bow Saw
24:11 Crossbowman
26:35 Scale Mail Armor
26:36 Padded Archer Armor
26:28 Fletching
31:15 Forging
31:16 Gambesons
31:31 Squires
30:53 Long Swordsman
31:58 Bloodlines
33:01 Elite Skirmisher
33:59 Pikeman
34:26 Arson
36:52 Treadmill Crane
37:33 Ballistics
37:25 Masonry
37:11 Murder Holes
41:01 Imperial Age
41:05 Fortified Wall
41:13 Hand Cart
42:21 Caravan
42:30 Scale Barding Armor
43:02 Iron Casting
42:11 Two-Handed Swordsman
44:19 Conscription
47:20 Two-Man Saw
47:54 Chemistry
47:05 Onager
47:08 Capped Ram
49:37 Blast Furnace
48:54 Chain Mail Armor
48:35 Bodkin Arrow
48:57 Leather Archer Armor
52:20 Elite Mameluke
58:04 Thumb Ring
braianbarrientos97
10:22 Feudal Age
11:28 Double-Bit Axe
13:52 Wheelbarrow
24:16 Castle Age
22:23 Horse Collar
23:24 Man-at-Arms
24:16 Scale Barding Armor
25:21 Pikeman
26:08 Husbandry
30:51 Chain Barding Armor
34:09 Gold Mining
37:43 Corvinian Army
39:41 Guard Tower
43:11 Imperial Age
41:56 Bloodlines
44:17 Capped Ram
63:21 Hand Cart
Tsunami
9:23 Feudal Age
8:19 Loom
15:07 Castle Age
14:19 Horse Collar
14:29 Double-Bit Axe
14:53 Stone Mining
15:20 Gold Mining
16:39 Wheelbarrow
23:50 Hand Cart
24:10 Bow Saw
25:17 Fletching
26:14 Bodkin Arrow
29:14 Heavy Plow
32:07 Bloodlines
31:58 Husbandry
37:09 Imperial Age
37:20 Onager
38:47 Bracer
38:47 Padded Archer Armor
39:49 Caravan
39:57 Scale Barding Armor
39:21 Elite Steppe Lancer
41:11 Ballistics
46:03 Chemistry
47:32 Gold Shaft Mining
46:52 Elite Mangudai
47:53 Conscription
47:18 Siege Onager
53:24 Drill
53:04 Nomads
54:50 Chain Barding Armor
54:45 Leather Archer Armor
Grandma's Boy
5:24 Loom
12:25 Feudal Age
14:24 Wheelbarrow
13:41 Horse Collar
13:49 Double-Bit Axe
19:27 Gold Mining
19:31 Stone Mining
20:46 Scale Mail Armor
20:37 Fletching
20:49 Padded Archer Armor
20:59 Forging
24:47 Castle Age
22:55 Arson
25:28 Heavy Plow
25:39 Bow Saw
26:20 Gold Shaft Mining
26:22 Stone Shaft Mining
26:04 Bodkin Arrow
25:36 Elite Skirmisher
27:14 Hand Cart
26:43 Pikeman
31:41 Squires
31:50 Thumb Ring
37:12 Imperial Age
36:02 Fortified Wall
36:12 Ballistics
37:48 Chain Mail Armor
38:08 Iron Casting
37:48 Leather Archer Armor
39:07 Two-Man Saw
38:39 Crop Rotation
37:45 Halberdier
39:59 Plate Mail Armor
39:29 Bracer
40:47 Chemistry
41:26 Conscription
41:45 Hoardings
52:30 Ring Archer Armor
52:05 Scale Barding Armor
57:50 Chain Barding Armor
MC0LEE
0:27 Loom
16:06 Feudal Age
19:53 Castle Age
17:34 Horse Collar
17:41 Double-Bit Axe
17:47 Stone Mining
17:48 Gold Mining
20:45 Bow Saw
24:38 Heavy Plow
25:25 Wheelbarrow
26:54 Stone Shaft Mining
26:56 Gold Shaft Mining
26:16 Town Watch
26:52 Hand Cart
28:45 Town Patrol
32:04 Imperial Age
33:29 Crop Rotation
33:27 Conscription
32:28 Elite Ballista Elephant
33:09 Double Crossbow
34:32 Chemistry
33:53 Ballistics
33:43 Masonry
33:44 Fortified Wall
33:29 Murder Holes
35:23 Padded Archer Armor
35:13 Fletching
35:29 Scale Barding Armor
35:34 Forging
37:04 Leather Archer Armor
36:44 Bodkin Arrow
36:13 Light Cavalry
37:04 Bloodlines
36:54 Husbandry
36:56 Hussar
38:00 Chain Barding Armor
39:06 Caravan
39:36 Coinage
39:30 Elite Battle Elephant
41:23 Iron Casting
41:33 Plate Barding Armor
41:09 Bracer
41:47 Ring Archer Armor
42:04 Banking
42:02 Tusk Swords
42:27 Sappers
43:32 Hoardings
44:01 Blast Furnace
52:40 Architecture
52:16 Siege Engineers
65:33 Scale Mail Armor
67:53 Chain Mail Armor
67:30 Heated Shot
67:31 Guard Tower
67:46 Siphons
67:52 Clinker Construction
67:52 Careening
67:46 Pikeman
68:11 Arson
67:49 Man-at-Arms
67:51 Cavalier
70:05 Keep
68:58 Crossbowman
68:59 Elite Skirmisher
68:59 Heavy Cavalry Archer
70:05 Parthian Tactics
69:03 Long Swordsman
69:03 Halberdier
69:15 Capped Ram
69:15 Onager
69:16 Heavy Scorpion
69:26 Arbalester
69:39 Two-Handed Swordsman
darador86
11:20 Feudal Age
10:27 Loom
15:05 Double-Bit Axe
15:46 Horse Collar
20:19 Castle Age
19:18 Gold Mining
19:19 Stone Mining
20:33 Pikeman
22:21 Bow Saw
22:40 Heavy Plow
23:19 Gold Shaft Mining
22:42 Town Watch
25:29 Elite Skirmisher
27:47 Town Patrol
28:28 Wheelbarrow
29:06 Ballistics
29:02 Masonry
31:55 Fletching
32:06 Padded Archer Armor
32:10 Scale Mail Armor
36:10 Imperial Age
35:16 Husbandry
37:20 Cavalier
37:42 Halberdier
38:23 Squires
38:53 Parthian Tactics
37:48 Heavy Cavalry Archer
39:59 Chemistry
41:33 Marauders
42:07 Hand Cart
42:10 Scale Barding Armor
42:21 Chain Mail Armor
42:16 Forging
42:01 Bodkin Arrow
42:22 Leather Archer Armor
42:37 Caravan
42:43 Caravan
48:42 Marauders
50:53 Conscription
55:36 Arson
55:39 Elite Tarkan
luhigy23
0:29 Loom
13:05 Feudal Age
15:05 Wheelbarrow
17:45 Castle Age
32:28 Imperial Age
30:56 Double-Bit Axe
30:54 Horse Collar
32:41 Scale Barding Armor
35:01 Conscription
38:23 Hand Cart
38:21 Bow Saw
38:15 Heavy Plow
40:17 Husbandry
40:05 Heavy Camel Rider
41:28 Chain Barding Armor
41:08 Scale Mail Armor
41:19 Forging
47:41 Plate Barding Armor
47:21 Chain Mail Armor
47:42 Iron Casting
52:22 Plate Mail Armor
52:53 Blast Furnace
54:04 Ballistics
53:25 Treadmill Crane
54:09 Bombard Tower
Connection lost

Rejoining the realm…

Still unreachable

The connection could not be restored.

Session expired

The server has moved on; the page needs a fresh start.